 Dungeon Crawl Stone Soup version 0.24.0-13-gcf9b3192b9 (webtiles) character file.

Game seed: 12434443705994810754, levelgen mode: deterministic

181 Arixos the Skirmisher (level 5, -3/42 HPs)
             Began as a Mummy Abyssal Knight on Nov 7, 2019.
             Was a Believer of Lugonu.
             Killed from afar by an orc wizard (5 damage)
             ... with a magic dart
             ... on level 3 of the Dungeon.
             The game lasted 00:07:55 (3414 turns).

Arixos the Skirmisher (Mummy Abyssal Knight)        Turns: 3414, Time: 00:07:56

Health: -3/42      AC:  5    Str: 16    XL:     5   Next: 34%
Magic:  15/15      EV: 11    Int: 12    God:    Lugonu [**....]
Gold:   183        SH:  0    Dex: 11    Spells: 4/4 levels left

rFire    x . .     SeeInvis .   a - +1 falchion
rCold    + + .     Gourm    .   (no shield)
rNeg     + + +     Faith    .   m - +0 ring mail (curse)
rPois    ∞         Spirit   .   (no helmet)
rElec    .         Reflect  .   (no cloak)
rCorr    .         Harm     .   (no gloves)
MR       .....                  (no boots)
Stlth    +.........             (no amulet)
HPRegen  0.14/turn              g - ring of protection from cold (curse)
MPRegen  0.14/turn              h - ring of magical power

@: no status effects
A: no food or potions, fire vulnerability, cold resistance 1, negative energy
resistance 3, torment resistance, unbreathing
a: Depart the Abyss, Bend Space, Renounce Religion


You were on level 3 of the Dungeon.
You worshipped Lugonu.
Lugonu was pleased with you.
You were not hungry.

You visited 1 branch of the dungeon, and saw 3 of its levels.
You visited the Abyss 1 time.

You collected 183 gold pieces.

Inventory:

Hand Weapons
 a - a +1 falchion (weapon)
Missiles
 k - 25 poisoned darts (quivered)
Armour
 m - a cursed +0 ring mail (worn)
Jewellery
 g - a cursed ring of protection from cold (left hand)
 h - a ring of magical power (right hand)
Scrolls
 c - 2 scrolls of teleportation {unknown}
 d - a scroll of fear {unknown}
 e - a scroll of magic mapping {unknown}
 f - 2 scrolls of identify {unknown}
 i - a scroll of enchant armour {unknown}
 j - a scroll of amnesia {unknown}


   Skills:
 + Level 3.7 Fighting
 + Level 2.4 Long Blades
 + Level 2.5 Armour
 + Level 2.0 Dodging
 + Level 2.5 Invocations


You had 4 spell levels left.
You didn't know any spells.
Your spell library was empty.

Dungeon Overview and Level Annotations

Branches:
Dungeon (3/15)

Altars:
Fedhas
Nemelex Xobeh
Xom

Annotations:
D:3 1 transporter, Grinder


Innate Abilities, Weirdness & Mutations

You do not eat or drink.
Your flesh is vulnerable to fire.
You are immune to poison.
Your flesh is cold resistant. (rC+)
You are immune to negative energy. (rN+++)
You are immune to unholy pain and torment.
You can survive without breathing.


Message History

The orc wizard is moderately wounded.
The rat barely misses you. The orc barely misses you.
The orc wizard barely misses you.
You barely miss the orc wizard.
The orc wizard is moderately wounded.
The rat barely misses you.
The orc wizard gestures at you while chanting.
The puff of flame hits you! The fire burns you terribly!
The orc barely misses you.
You riposte.
You barely miss the orc.
The orc is moderately wounded.
The rat bites you.
* * * LOW HITPOINT WARNING * * *
The orc wizard gestures at you while chanting.
The magic dart hits you!
* * * LOW HITPOINT WARNING * * *
The orc wizard hits you with a +0 dagger.
* * * LOW HITPOINT WARNING * * *
The orc wizard casts a spell at you. The magic dart hits you.
You die...

##.#.## #...###. #
8#.#..# #...... ....
.. P#.##.## #.....
...... .. ##.##..#
#.... ...... ≈#.###.##
#...# #...# ≈#.# #..#
#.r.# #...# .. ≈#.#
##.###.
#.oo###...###..
#..##.#
#..............
##.##.#
#.@............ #.##.#
#.............. #.##.#
#...###...###. #.##.#
#...# #...#
#..#.###...###...###.
##.#....†...).........
#.#.####.(.†.........
#...# ##.###########
##..# #...


You could see an orc wizard, an orc and a rat.

Vanquished Creatures
  An orc priest (D:3)
  An adder (D:2)
  7 gnolls
  3 dart slugs
  3 worms
  A leopard gecko (D:1)
  4 orcs (D:3)
  9 bats
  2 giant cockroaches (D:3)
  5 hobgoblins
  3 jackals (D:1)
  9 goblins
  7 kobolds
  5 rats
60 creatures vanquished.

Vanquished Creatures (others)
  A plant (D:3)
1 creature vanquished.

Grand Total: 61 creatures vanquished

Notes
Turn   | Place    | Note
-------+----------+-------------------------------------------
     0 | Abyss:1  | Arixos the Mummy Abyssal Knight began the quest for the
                  | Orb.
     0 | Abyss:1  | Reached XP level 1. HP: 18/18 MP: 2/2
    78 | Abyss:1  | Found a hide-covered altar of Uskayaw.
   117 | Abyss:1  | Noticed a small abomination
   175 | Abyss:1  | Noticed a spatial maelstrom
   175 | Abyss:1  | Noticed a smoke demon
   175 | Abyss:1  | Noticed a starcursed mass
   176 | D:1      | Escaped the Abyss
   280 | D:1      | Reached skill level 1 in Dodging
   378 | D:1      | Reached XP level 2. HP: 23/24 MP: 3/3
   409 | D:1      | Reached * piety under Lugonu
   812 | D:1      | Reached XP level 3. HP: 24/29 MP: 4/4
  1844 | D:1      | Reached XP level 4. HP: 16/35 MP: 5/5
  2359 | D:2      | Found a shimmering altar of Xom.
  2453 | D:3      | Noticed Grinder
  2485 | D:3      | Paralysed by Grinder for 3 turns
  2592 | D:3      | Reached ** piety under Lugonu
  3008 | D:3      | Found a blossoming altar of Fedhas.
  3067 | D:3      | Reached XP level 5. HP: 19/41 MP: 6/6
  3238 | D:3      | Found a sparkling altar of Nemelex Xobeh.
  3337 | D:3      | Found a transporter.
  3412 | D:3      | HP: 2/42 [orc wizard/+0 dagger (2)]
  3414 | D:3      | Killed from afar by an orc wizard

Levels and vault maps discovered:
D:1:      lemuel_arrival_funnel, layout_basic, minmay_misc_feat_roman
D:2:      layout_rooms, lemuel_doored_altar, first_ration, hex_intersection,
          corexii_item_surrounded_by_moat
D:3:      gammafunk_steamed_eel, layout_basic,
          nemelex_xobeh_ov_fountains_minmay, fedhas_ov_isle_minmay,
          kennysheep_boxes, uniq_grinder

Skill      XL: |  1  2  3  4  5 |
---------------+----------------+-----
Dodging        | 1 2 |  2.0
Invocations    | 2 |  2.5
Long Blades    | 2 |  2.4
Armour         | 2 |  2.5
Fighting       | |  3.7

Action                   |  1- 3 |  4- 6 || total
-------------------------+-------+-------++-------
Melee: Falchion          |   111 |    87 ||   198
       Short sword       |       |    29 ||    29
Invok: Depart the Abyss  |     1 |       ||     1
Armor: Leather armour    |    37 |     3 ||    40
       Ring mail         |       |    32 ||    32
Dodge: Dodged            |    65 |    73 ||   138
       Rpst.: Falchion   |    23 |    13 ||    36
